 Dungeon Crawl Stone Soup version bcrawl-1.40.3b (webtiles) character file.

Game seed: 10555546059520596118

103129 Finalfun the Ducker (level 4, -1/34 HPs)
             Began as a Demonspawn Archaeologist on Mar 23, 2024.
             Slain by a jackal (3 damage)
             ... on level 3 of the Dungeon.
             The game lasted 00:07:53 (2579 turns).

Finalfun the Ducker (Demonspawn Archaeologist)      Turns: 2579, Time: 00:07:53

Health: -1/34      AC: 13    Str: 12    XL:     4   Next: 24%
Magic:  4/4        EV:  3    Int: 15    God:
Gold:   155        SH:  0    Dex: 12    Spells: 3/3 levels left

rFire    . . .     GDR:     24% a - +0 dagger
rCold    + . .     SeeInvis .   (no shield)
rNeg     . . .     Gourm    .   p - +0 plate armour
rPois    .         Faith    .   d - +1 hat
rElec    .         Spirit   .   (no cloak)
rCorr    .         Reflect  .   (no gloves)
MR       .....                  n - +1 pair of boots
Stlth    ..........             (no amulet)
HPRegen  0.15/turn              (no ring)
MPRegen  0.09/turn              (no ring)

@: no status effects
A: cold resistance 1
a: no special abilities


You were on level 3 of the Dungeon.
You were not hungry.

You visited 1 branch of the dungeon, and saw 3 of its levels.

You collected 155 gold pieces.

Inventory:

Hand Weapons
 a - a +0 dagger (weapon)
 b - a +0 blowgun
Missiles
 f - 6 curare-tipped needles
 o - 91 bolts
 q - 370 stones (quivered)
Armour
 c - a +1 robe
 d - a +1 hat (worn)
 m - a scarf of resistance
 n - a +1 pair of boots (worn)
 p - a +0 plate armour (worn)
Scrolls
 g - a scroll of revelation
 i - a scroll of fog {unknown}
Potions
 j - a potion of mutation
Miscellaneous
 h - a dusty tome
Comestibles
 e - a ration {!d}


   Skills:
 + Level 2.7 Fighting
   Level 0.8 Maces & Flails
 - Level 4.0 Dodging
 - Level 3.0 Stealth


You had 3 spell levels left.
You didn't know any spells.
Your spell library was empty.

Dungeon Overview and Level Annotations

Branches:
Dungeon (3/12)

Altars:
Uskayaw

Portals:
Sewer: D:3

Annotations:
D:2 exclusion: adder


Innate Abilities, Weirdness & Mutations

Your flesh is cold resistant. (rC+)


Message History

The jackal bites you.
* * * LOW HITPOINT WARNING * * *
You hit the jackal.
The jackal is moderately wounded.
The jackal barely misses you.
You closely miss the jackal.
The jackal is moderately wounded.
The jackal bites you but does no damage.
You miss the jackal.
The jackal is moderately wounded.
The jackal bites you.
* * * LOW HITPOINT WARNING * * *
The jackal bites you but does no damage.
You closely miss the jackal.
The jackal is moderately wounded.
The jackal barely misses you.
Your plate armour prevents you from hitting the jackal.
The jackal is lightly wounded.
The jackal bites you.
You die...

#### ####* ####
#≈..#####≈≈###
#.≈≈≈≈≈≈≈≈...#
#.≈≈≈≈≈≈%....##
##≈≈∩####...†.#
#≈≈##.......w#
#≈≈#.......#h#
#≈≈#....####@# **#≈≈#.###*
#.#### **≈≈...*
#.#..#############
*#≈,..,*
#.................
***,,,,*
#.#..########..... *,,,,*
#>................ ****,*
***###...............
*,****,,,,.[.########.....
*,,,,,,,,....# #.....


You could see a worm and a jackal.

Vanquished Creatures
  An adder (D:3)
  A gnoll (D:1)
  An ooze (D:2)
  2 worms (D:3)
  2 dart slugs
  2 giant cockroaches (D:1)
  4 goblins
  5 hobgoblins
  10 jackals
  10 bats
  3 frilled lizards
  4 kobolds
  3 rats (D:1)
48 creatures vanquished.

Notes
Turn   | Place    | Note
-------+----------+-------------------------------------------
     0 | D:1      | Finalfun the Demonspawn Archaeologist began the quest for
                  | the Orb.
     0 | D:1      | Reached XP level 1. HP: 15/15 MP: 1/1
    82 | D:1      | Reached skill level 3 in Dodging
   262 | D:1      | Gained mutation: Your flesh is cold resistant. (rC+)
                  | [demonic ancestry]
   262 | D:1      | Reached XP level 2. HP: 11/21 MP: 2/2
  1112 | D:1      | Reached XP level 3. HP: 17/26 MP: 3/3
  1191 | D:2      | Reached skill level 4 in Dodging
  1235 | D:2      | Found a hide-covered altar of Uskayaw.
  1235 | D:2      | Noticed a +0 dagger
  1235 | D:2      | Noticed a +0 dagger
  1235 | D:2      | Noticed a +0 falchion
  1240 | D:2      | Noticed a +0 spear
  1241 | D:2      | Noticed a +0 short sword
  1242 | D:2      | Noticed a +0 spear
  1242 | D:2      | Noticed a +0 falchion
  1242 | D:2      | Noticed a +0 short sword
  1935 | D:3      | Reached XP level 4. HP: 30/33 MP: 4/4
  2459 | D:3      | Found a glowing drain.
  2579 | D:3      | Slain by a jackal

Skill      XL: |  1  2  3 |
---------------+----------+-----
Dodging        | 3 4 |  4.0
Fighting       | 2 |  2.7
Maces & Flails | |  0.8
Stealth        | |  3.0

Action                   |  1- 3 |  4- 6 || total
-------------------------+-------+-------++-------
Melee: Whip              |    94 |       ||    94
       Dagger            |   160 |   175 ||   335
  Use: Scroll            |     3 |     1 ||     4
       Potion            |     1 |     1 ||     2
 Stab: Sleeping          |     8 |       ||     8
  Eat: Chunk             |     9 |     4 ||    13
       Ration            |       |     1 ||     1
Armor: Robe              |   103 |    13 ||   116
       Skin              |       |    75 ||    75
       Plate armour      |       |    44 ||    44
Dodge: Dodged            |   202 |    49 ||   251
